 Dungeon Crawl Stone Soup version 0.25-a0-591-g2ad0d86 (webtiles) character file.

Game seed: 12679963219162805430, levelgen mode: deterministic

116281 15 the Eclecticist (level 16, -25/92 HPs)
             Began as a Deep Elf Fire Elementalist on Mar 13, 2020.
             Was a High Priest of Vehumet.
             Killed from afar by a thorn hunter (30 damage)
             ... with a volley of thorns
             ... on level 2 of the Swamp on Mar 14, 2020.
             The game lasted 04:25:18 (28252 turns).

15 the Eclecticist (Deep Elf Fire Elementalist)    Turns: 28252, Time: 04:25:19

Health: -25/92     AC: 13    Str:  8    XL:     16   Next: 20%
Magic:  6/39       EV: 21    Int: 23    God:    Vehumet [*****.]
Gold:   3116       SH:  0    Dex: 19    Spells: 2/49 levels left

rFire    + + .     SeeInvis +   A - +5 rapier of Ash {vorpal, rF+ MR+ Dex+3}
rCold    + + +     Gourm    .   (no shield)
rNeg     + . .     Faith    .   M - +2 robe {rC+}
rPois    +         Spirit   .   I - +2 helmet
rElec    .         Reflect  .   u - +2 ratskin cloak {+Rats rPois rN+ Str-1 Int-1 Dex+1}
rCorr    .         Harm     .   z - +0 pair of gloves
MR       ++...                  t - +0 pair of boots
Stlth    ++........             W - amulet of magic regeneration
HPRegen  0.25/turn              H - ring of Mirgh {rF+ rC++}
MPRegen  0.51/turn              l - ring of see invisible

@: about to teleport, very slightly contaminated, very slow
A: no striking features
a: Renounce Religion, Evoke Ratskin


You were on level 2 of the Swamp.
You worshipped Vehumet.
Vehumet was extremely pleased with you.
You were very hungry.

You visited 4 branches of the dungeon, and saw 24 of its levels.
You visited the Abyss 1 time.
You also visited: Sewer.

You collected 3359 gold pieces.
You spent 243 gold pieces at shops.

Inventory:

Hand Weapons
 A - the +5 rapier of Ash (weapon) {vorpal, rF+ MR+ Dex+3}
   (You bought it in a shop on level 7 of the Dungeon)

   It inflicts extra damage upon your enemies.
   It affects your dexterity (+3).
   It protects you from fire.
   It affects your resistance to hostile enchantments.
 P - the +7 dagger "Giagon" {vorpal, *Rage +Inv rElec Str+4}
   (You found it on level 10 of the Dungeon)

   It inflicts extra damage upon your enemies.
   It affects your strength (+4).
   It insulates you from electricity.
   It lets you turn invisible.
   It may make you go berserk in combat.
 X - the +4 demon trident of Eternal Vigilance {venom, rC+ Dex+4}
   (You found it on level 13 of the Dungeon)

   It poisons the flesh of those it strikes.
   It affects your dexterity (+4).
   It protects you from cold.
Armour
 b - a +0 kite shield of reflection
 t - a +0 pair of boots (worn)
 u - the +2 ratskin cloak (worn) {+Rats rPois rN+ Str-1 Int-1 Dex+1}
   (You found it on level 5 of the Dungeon)

   It affects your strength (-1).
   It affects your intelligence (-1).
   It affects your dexterity (+1).
   It protects you from poison.
   It protects you from negative energy.
 z - a +0 pair of gloves (worn)
 I - a +2 helmet (worn)
 M - a +2 robe of cold resistance (worn)
 Y - the +2 cloak of the Thief {+Fog Slay-2 SInv Stlth+}
   (You found it on level 13 of the Dungeon)

   It affects your accuracy and damage with ranged weapons and melee attacks
   (-2).
   It lets you see invisible.
   It makes you more stealthy.
Magical Staves
 e - an uncursed staff of air
 U - an uncursed staff of summoning
 Z - an uncursed staff of wizardry
Jewellery
 l - a ring of see invisible (right hand)
 s - an uncursed ring of resist corrosion
 w - the ring "Fuaxzag" {Fire rPois rN+ Stlth-}
   (You found it on level 3 of the Lair of Beasts)

   [ring of fire]

   It enhances your fire magic.
   It protects you from fire.
   It makes you vulnerable to cold.
   It protects you from poison.
   It protects you from negative energy.
   It makes you less stealthy.
 F - an uncursed ring of flight
 H - the ring of Mirgh (left hand) {rF+ rC++}
   (You found it on level 8 of the Dungeon)

   [ring of protection from fire]

   It protects you from fire.
   It greatly protects you from cold.
 W - an amulet of magic regeneration (around neck)
Wands
 h - a wand of digging (3)
 p - a wand of disintegration (2)
 x - a wand of paralysis (9)
 y - a wand of polymorph (10)
 E - a wand of flame (15)
 Q - a wand of enslavement (14)
Scrolls
 f - 4 scrolls of enchant weapon
 i - 3 scrolls of identify
 j - 6 scrolls of magic mapping
 k - a scroll of teleportation
 n - 2 scrolls of fear
 o - 11 scrolls of remove curse
 C - 5 scrolls of fog
 D - 4 scrolls of enchant armour
 K - 3 scrolls of immolation
 N - a scroll of holy word
Potions
 a - a potion of resistance
 d - 3 potions of haste
 m - 4 potions of brilliance
 q - 2 potions of lignification
 v - 7 potions of curing
 L - 2 potions of cancellation
 S - a potion of stabbing
 V - 4 potions of mutation
Miscellaneous
 G - a lamp of fire (inert)
 J - a lightning rod (inert)
 R - 2 boxes of beasts
Comestibles
 c - 40 rations
 g - 4 chunks of flesh


   Skills:
 * Level 7.2 Fighting
 + Level 3.4 Short Blades
 + Level 0.2 Throwing
 * Level 7.3 Armour
 * Level 10.6 Dodging
 + Level 4.7 Stealth
 * Level 3.3 Shields
 * Level 17.4 Spellcasting
 * Level 11.5 Conjurations
 + Level 1.9 Hexes
 * Level 10.2 Necromancy
 - Level 1.0 Translocations
 * Level 10.9 Fire Magic
 * Level 4.9 Ice Magic
 * Level 4.0 Air Magic
 - Level 8.1 Earth Magic
 * Level 9.1 Evocations


You had 2 spell levels left.
You knew the following spells:

 Your Spells              Type           Power        Failure   Level  Hunger
a - Foxfire               Conj/Fire      ####         1%          1    None
b - Inner Flame           Hex/Fire       #####...     1%          3    None
c - Freezing Cloud        Conj/Ice/Air   ######....   7%          6    ####...
d - Animate Skeleton      Necr           N/A          1%          1    None
e - Sticky Flame          Conj/Fire      ######..     1%          4    None
f - Freeze                Ice            ####         1%          1    None
g - Stone Arrow           Conj/Erth      ######       1%          3    None
h - Fireball              Conj/Fire      ######....   1%          5    None
i - Iskenderun's Mystic   Conj/Tloc      #####...     1%          4    None
j - Iron Shot             Conj/Erth      ######....   1%          6    ####...
k - Bolt of Magma         Conj/Fire/Erth ######....   1%          5    None
l - Lee's Rapid Deconstr  Erth           ######....   1%          5    None
m - Mephitic Cloud        Conj/Pois/Air  #####...     1%          3    None

Your spell library contained the following spells:

 Spells                   Type           Power        Failure   Level  Hunger
 Spellforged Servitor     Conj/Summ      #####.....   45%         7    #####..
 Apportation              Tloc           ###...       1%          1    None
 Corona                   Hex            ####...      1%          1    None
 Ensorcelled Hibernation  Hex/Ice        #####.       1%          2    None
 Poisonous Vapours        Pois/Air       ####..       1%          2    None
 Sublimation of Blood     Necr           ######....   1%          2    None
 Beastly Appendage        Tmut           ###...       2%          1    None
 Summon Butterflies       Summ           ###.....     2%          1    None
 Summon Small Mammal      Summ           ###.         2%          1    None
 Sticks to Snakes         Tmut           ###.....     4%          2    None
 Conjure Flame            Conj/Fire      ######..     1%          3    None
 Dazzling Flash           Conj/Hex       ######       1%          3    None
 Ignite Poison            Fire/Tmut/Pois #####...     1%          3    None
 Animate Dead             Necr           N/A          1%          4    None
 Borgnjor's Vile Clutch   Necr/Erth      ######....   1%          5    None
 Irradiate                Conj/Tmut      #####.....   1%          5    None
 Confusing Touch          Hex            ####....     3%          3    None
 Tukima's Dance           Hex            ####....     3%          3    None
 Leda's Liquefaction      Hex/Erth       #####.....   3%          4    None
 Petrify                  Tmut/Erth      #####...     4%          4    None
 Lesser Beckoning         Tloc           ###.......   5%          3    None
 Recall                   Summ/Tloc      N/A          6%          3    None
 Death Channel            Necr           ######....   6%          6    ####...
 Spider Form              Tmut/Pois      ###.......   8%          3    None
 Ice Form                 Ice/Tmut       ####....     10%         4    None
 Simulacrum               Ice/Necr       ######....   19%         6    ####...
 Alistair's Intoxication  Tmut/Pois      ###.....     58%         5    None
 Blade Hands              Tmut           ###.......   58%         5    None
 Statue Form              Tmut/Erth      #####....    61%         6    ####...
 Invisibility             Hex            ####....     88%         6    ####...
 Ring of Flames           Chrm/Fire      #####.....   93%         7    #####..
 Eringya's Noxious Bog    Tmut/Pois      ###.......   99%         6    ####...
 Shatter                  Erth           ######....   100%        9    #######


Dungeon Overview and Level Annotations

Branches:
Dungeon (15/15)            Temple (1/1) D:4            Lair (6/6) D:8
  Swamp (2/4) Lair:4       Spider (0/4) Lair:4        Slime (0/5) Lair:5
    Orc (0/2) D:9          Vaults (0/5) D:13         Depths (0/5) D:15
  Sewer (visited)

Altars:
Ashenzari
Cheibriados
Dithmenos
Elyvilon
Fedhas
Gozag
Hepliaklqana
Kikubaaqudgha
Makhleb
Nemelex Xobeh
Okawaru
Qazlal
Ru
Sif Muna
Trog
Uskayaw
Vehumet
Wu Jian
Xom
Yredelemnul
Zin
The Shining One
Beogh

Shops:
D:7 (   D:11 :   D:15 }

Annotations:
D:5 2 runed translucent doors, wotkd0121004's ghost, amateur OpEE
Lair:4 2 transporters


Message History

The briar patch crumbles away. x3
The thorn hunter fires a volley of thorns at you.
The volley of thorns hits you!!
* * * LOW HITPOINT WARNING * * *
Unknown command.
As you read the scroll of fear, it crumbles to dust.
You assume a fearsome visage.
The thorn hunter is unaffected.
The insubstantial wisp is unaffected.
The briar patch crumbles away.
Unknown command.
As you read the scroll of teleportation, it crumbles to dust.
You feel strangely unstable.
The briar patch crumbles away. x2
The insubstantial wisp closely misses you.
Unknown command.
Unknown command.
You enter the shallow water.
Moving in this stuff is going to be slow.
The briar patch crumbles away. x2
The thorn hunter fires a volley of thorns at you.
The volley of thorns hits you!!
You die...

♣..≈≈≈≈..≈≈≈.....≈.♣♣ ♣♣...≈≈
.≈≈≈≈≈.≈≈........≈≈≈♣♣♣...≈≈≈
.≈≈≈..≈≈§≈......≈≈≈....%.≈≈≈≈
≈≈≈≈.≈≈.......§≈≈≈.≈...%.≈≈≈≈
.≈≈.≈≈.♣..≈.≈≈≈..♣♣.≈..≈≈≈≈≈
≈≈≈≈≈♣..≈≈≈≈≈≈≈♣.≈..§≈≈≈≈
≈≈≈.♣♣...PP≈♣♣≈....≈≈≈≈≈ .
♣≈..P..♣♣♣♣♣...≈≈≈≈ ♣♣@§≈.§♣♣
♣♣...≈≈≈ ♣≈.f≈≈≈♣ ♣...≈≈≈
♣♣♣♣♣v≈≈.♣♣ ♣♣♣..§≈
♣.§♣§§≈≈≈≈♣♣ ♣♣
♣§§§§≈≈≈§.≈♣♣♣≈♣♣
♣♣.§§≈≈≈§≈≈≈♣.≈≈♣
♣§≈≈≈§≈..≈≈≈.≈.
≈..≈≈≈§§§.≈≈≈≈♣
≈≈..≈≈≈≈≈☼§§≈<♣♣


You could see a thorn hunter and an insubstantial wisp.

Vanquished Creatures
  Frances (Swamp:1)
  A thorn hunter (Swamp:1)
  Kirke (Swamp:2)
  Roxanne (Swamp:1)
  Donald (Swamp:1)
  Aizul (Swamp:1)
  A very ugly thing (D:13)
  Snorg (D:14)
  2 fire dragons
  Josephine (D:10)
  The ghost of Gorchyem the Spear-Bearer, a journeyman MfGl of Okawaru (D:11)
  A yaktaur captain (D:15)
  6 hydras
  A rakshasa (D:13)
  Fannar (D:10)
  4 catoblepae
  A death knight (D:13)
  5 centaur warriors
  4 alligators
  9 two-headed ogres
  4 tengu warriors
  9 death yaks
  An ogre mage (D:15)
  Urug (Lair:6)
  2 sun demons (Abyss:1)
  A skeletal warrior (D:13)
  4 unseen horrors
  Pikel (D:6)
  A deep elf archer (D:13)
  2 swamp dragons
  5 deep elf magi
  4 ugly things
  2 fauns (shapeshifter)
  2 oklob plants
  9 cyclopes
  7 manticores
  Joseph (D:10)
  3 black mambas
  Maurice (D:8)
  Psyche (D:8)
  10 spiny frogs
  2 torpor snails
  An eye of devastation (Lair:5)
  A gargoyle (D:15)
  Maggie (D:8)
  5 komodo dragons
  A yaktaur (D:15)
  2 kobold demonologists
  A tengu conjurer (D:13)
  5 trolls
  3 polar bears
  A jumping spider (Lair:4)
  5 tyrant leeches
  3 hornets
  A harpy skeleton (D:14)
  9 blink frogs
  6 hippogriffs
  A dream sheep (Lair:3)
  10 slime creatures
  2 bog bodies (Swamp:2)
  2 redbacks (Lair:4)
  4 shadows
  A spriggan (shapeshifter) (D:13)
  3 spriggans
  2 water elementals (D:14)
  6 wraiths
  A vampire (D:11)
  3 hogs (Swamp:2)
  45 yaks
  2 wyverns
  A basilisk (shapeshifter) (D:10)
  5 hungry ghosts
  5 basilisks
  3 vampire mosquitoes
  An acid dragon (D:13)
  A soldier ant (D:13)
  9 insubstantial wisps
  10 swamp worms
  16 water moccasins
  11 orc warriors
  2 sky beasts
  2 slaves (D:6)
  7 porcupines
  3 eyes of draining
  2 ice beasts
  4 phantoms
  9 boggarts
  5 ogres
  12 wolves
  8 centaurs
  12 crocodiles
  6 big kobolds
  15 bullfrogs
  A wyvern skeleton (D:10)
  A wyvern zombie (D:12)
  4 scorpions
  5 killer bees (D:10)
  A vampire bat (D:7)
  13 wights
  12 electric eels
  A spectral centaur (D:11)
  2 bullfrog zombies
  2 crimson imps (D:15)
  5 centaur zombies
  A lava snake (D:9)
  A quasit (D:9)
  11 orc wizards
  10 hounds
  5 orc priests
  10 centaur skeletons
  4 jellies
  2 bullfrog skeletons
  4 iguanas
  A hell rat (D:5)
  3 worker ants
  3 small abominations (Abyss:1)
  A bullfrog simulacrum (D:11)
  A centaur simulacrum (D:11)
  2 hound zombies
  2 hound skeletons
  A mummy (D:7)
  A worker ant zombie (D:10)
  4 gnolls (D:6)
  17 adders
  6 river rats
  5 shadow imps
  5 oozes
  2 adder skeletons
  10 worms
  A dart slug (D:2)
  9 leopard geckos
  54 orcs
  16 bats
  A bat skeleton (D:7)
  4 bat zombies (D:7)
  7 giant cockroaches
  3 goblins (D:1)
  10 hobgoblins
  12 jackals
  33 kobolds
  2 quokkas
  3 ball pythons
  9 frilled lizards
  A jackal zombie (D:8)
  A leopard gecko zombie (D:5)
  12 rats
  A bush (D:5)
  A fungus (Lair:4)
  8 plants
740 creatures vanquished.

Vanquished Creatures (collateral kills)
  An alligator (Swamp:2)
  A centaur warrior (D:15)
  2 hydras
  A two-headed ogre (D:15)
  2 death yaks (Lair:6)
  A centaur zombie (D:13)
  4 centaur skeletons
  3 spiny frogs (Lair:3)
  A komodo dragon (Lair:6)
  A rime drake (Lair:1)
  A tengu conjurer (D:13)
  A troll (D:13)
  A jumping spider (Lair:4)
  A polar bear (Lair:6)
  2 blink frogs (Lair:3)
  A vampire (D:13)
  A fire elemental (D:11)
  9 yaks
  2 basilisks
  2 vampire mosquitoes (Swamp:2)
  2 insubstantial wisps (Swamp:2)
  4 water moccasins
  A porcupine (Lair:2)
  A necrophage (D:11)
  An ogre (shapeshifter) (D:13)
  14 wolves
  An eye of draining (D:11)
  2 centaurs
  5 crocodiles
  A big kobold (D:5)
  4 bullfrogs
  A crimson imp (D:5)
  A jelly (D:11)
  3 hounds
  A wyvern simulacrum (D:11)
  A bullfrog skeleton (D:5)
  A worker ant (D:14)
  2 bullfrog simulacra (D:11)
  An adder (D:7)
  A river rat (D:5)
  An adder skeleton (D:9)
  3 orcs
  2 kobolds (D:5)
  7 rats
  10 fungi
  3 plants (Lair:6)
112 creatures vanquished.

Vanquished Creatures (others)
  A spiny frog (Lair:4)
  A bog body (Swamp:2)
  A dancing weapon (D:10)
  2 slaves (D:6)
  A wight (D:6)
  An orc wizard (D:7)
  An orc (D:7)
  745 foxfires
  6 fungi
  19 plants
778 creatures vanquished.

Grand Total: 1630 creatures vanquished

Notes
Turn   | Place    | Note
-------+----------+-------------------------------------------
     0 | D:1      | 15 the Deep Elf Fire Elementalist began the quest for the
                  | Orb.
     0 | D:1      | Reached XP level 1. HP: 10/10 MP: 6/6
   251 | D:1      | Reached XP level 2. HP: 11/15 MP: 0/8
   741 | D:1      | Reached XP level 3. HP: 20/20 MP: 0/10
   749 | D:1      | Learned a level 3 spell: Inner Flame
   753 | D:1      | Learned a level 3 spell: Conjure Flame
  1001 | D:2      | Found a blossoming altar of Fedhas.
  1484 | D:2      | Reached skill level 1 in Armour
  1681 | D:2      | Reached XP level 4. HP: 24/24 MP: 5/11
  1848 | D:2      | Learned a level 1 spell: Animate Skeleton
  2105 | D:2      | Found an opulent altar of Gozag.
  2110 | D:2      | Found a sparkling altar of Nemelex Xobeh.
  2119 | D:2      | Found a hide-covered altar of Uskayaw.
  2213 | D:3      | Reached skill level 4 in Spellcasting
  2788 | D:4      | Reached XP level 5. HP: 28/28 MP: 4/13
  3070 | D:4      | Found a staircase to the Ecumenical Temple.
  3104 | Temple   | Entered the Ecumenical Temple
  3162 | Temple   | Became a worshipper of Vehumet
  3194 | Temple   | Learned a level 4 spell: Sticky Flame
  3400 | D:4      | Found a hazy altar of Hepliaklqana.
  3727 | D:5      | Entered Level 5 of the Dungeon
  3911 | D:5      | Found a runed translucent door.
  3925 | D:5      | Noticed wotkd0121004's ghost (amateur OpEE)
  3955 | D:5      | Reached XP level 6. HP: 33/33 MP: 10/14
  4017 | D:5      | Reached * piety under Vehumet
  4017 | D:5      | Offered knowledge of Magic Dart by Vehumet.
  4040 | D:5      | Reached skill level 1 in Necromancy
  4059 | D:5      | Found the +2 ratskin cloak {+Rats rPois rN+ Str-1 Int-1
                  | Dex+1}
  4137 | D:5      | Reached skill level 5 in Spellcasting
  4286 | D:5      | Reached skill level 1 in Fighting
  4502 | D:5      | Offered knowledge of Freeze by Vehumet.
  4507 | D:5      | Learned a level 1 spell: Freeze
  4568 | D:5      | Found a runed translucent door.
  4639 | D:6      | Noticed an ice beast
  4643 | D:6      | Killed an ice beast
  4643 | D:6      | Reached XP level 7. HP: 38/38 MP: 13/17
  4696 | D:6      | Reached skill level 1 in Evocations
  4726 | D:6      | Reached ** piety under Vehumet
  5204 | D:6      | Found a glowing drain.
  5208 | Sewer    | Entered a sewer
  5691 | Sewer    | Offered knowledge of Stone Arrow by Vehumet.
  5941 | D:6      | Noticed Pikel
  5963 | D:6      | Learned a level 3 spell: Stone Arrow
  6305 | D:6      | Killed Pikel
  6305 | D:6      | Reached skill level 6 in Spellcasting
  6305 | D:6      | Reached skill level 5 in Fire Magic
  6305 | D:6      | Reached skill level 1 in Earth Magic
  6305 | D:6      | Reached XP level 8. HP: 44/44 MP: 5/20
  6495 | D:6      | Reached skill level 7 in Spellcasting
  6548 | D:7      | Learned a level 5 spell: Fireball
  6567 | D:7      | Reached *** piety under Vehumet
  6577 | D:7      | Found a snail-covered altar of Cheibriados.
  6717 | D:7      | Noticed a hippogriff
  6815 | D:7      | Found an ancient bone altar of Kikubaaqudgha.
  7007 | D:7      | Found Hathyaf's Antique Weapon Emporium.
  7011 | D:7      | Bought a fine rapier for 243 gold pieces
  7083 | D:7      | Offered knowledge of Static Discharge by Vehumet.
  7083 | D:7      | Reached skill level 5 in Conjurations
  7738 | D:7      | Found a glowing silver altar of Zin.
  7809 | D:8      | Identified the +5 rapier of Ash {vorpal, rF+ MR+ Dex+3}
                  | (You bought it in a shop on level 7 of the Dungeon)
  7852 | D:8      | Reached XP level 9. HP: 48/48 MP: 16/22
  7911 | D:8      | Reached skill level 8 in Spellcasting
  7917 | D:8      | Found a staircase to the Lair.
  8067 | D:8      | Reached skill level 1 in Short Blades
  8615 | D:8      | Noticed Maggie
  8616 | D:8      | Noticed Psyche
  8625 | D:8      | Killed Maggie
  8625 | D:8      | Reached skill level 5 in Dodging
  8629 | D:8      | Cast into level 1 of the Abyss (Psyche)
  8679 | Abyss:1  | Noticed a sun demon
  8705 | Abyss:1  | Noticed a lich
  8739 | Abyss:1  | Killed a sun demon
  8739 | Abyss:1  | Reached **** piety under Vehumet
  8798 | Abyss:1  | Reached skill level 9 in Spellcasting
  8807 | Abyss:1  | Noticed an orange demon
  8816 | Abyss:1  | Noticed a sun demon
  8827 | Abyss:1  | Killed a sun demon
  8827 | Abyss:1  | Reached XP level 10. HP: 24/55 MP: 4/25
  8829 | D:8      | Escaped the Abyss
  8844 | D:8      | Killed Psyche
  8844 | D:8      | Reached skill level 1 in Ice Magic
  9043 | D:8      | Noticed Maurice
  9066 | D:8      | Offered knowledge of Iskenderun's Mystic Blast by Vehumet.
  9068 | D:8      | Killed Maurice
  9133 | D:8      | Learned a level 4 spell: Iskenderun's Mystic Blast
  9160 | D:8      | Noticed a cyclops
  9338 | D:8      | Killed a cyclops
  9375 | D:8      | Got a scintillating amber ring
  9377 | D:8      | Identified the ring of Mirgh {rF+ rC++} (You found it on
                  | level 8 of the Dungeon)
  9393 | D:8      | Found a bloodstained altar of Trog.
  9394 | D:8      | Found an iron altar of Okawaru.
  9531 | D:8      | Learned a level 3 spell: Tukima's Dance
  9548 | D:8      | Reached skill level 5 in Necromancy
  9888 | D:9      | Found a staircase to the Orcish Mines.
  9965 | D:9      | Found a roughly hewn altar of Beogh.
 10279 | D:9      | Reached skill level 10 in Spellcasting
 10279 | D:9      | Reached skill level 1 in Hexes
 10403 | D:9      | Reached ***** piety under Vehumet
 10409 | D:9      | Noticed a cyclops
 10518 | D:9      | Killed a cyclops
 10518 | D:9      | Offered knowledge of Lightning Bolt by Vehumet.
 10745 | D:10     | Entered Level 10 of the Dungeon
 10745 | D:10     | Noticed Josephine
 10749 | D:10     | Killed Josephine
 10749 | D:10     | Reached XP level 11. HP: 60/60 MP: 13/27
 10943 | D:10     | Reached skill level 5 in Earth Magic
 11276 | D:10     | Noticed an unseen horror
 11514 | D:10     | Noticed Fannar
 11523 | D:10     | Noticed a cyan ugly thing
 11552 | D:10     | Killed Fannar
 11552 | D:10     | Reached skill level 11 in Spellcasting
 11616 | D:10     | Killed an unseen horror
 11616 | D:10     | Reached skill level 5 in Evocations
 11813 | D:10     | Noticed a harpy
 11813 | D:10     | a queen bee changed into a harpy
 11818 | D:10     | a harpy changed into a basilisk
 11917 | D:10     | Killed a cyan ugly thing
 12020 | D:10     | Noticed a two-headed ogre
 12109 | D:10     | Killed a two-headed ogre
 12251 | D:10     | Got a slimy dagger
 12252 | D:10     | Identified the +7 dagger "Giagon" {vorpal, *Rage +Inv rElec
                  | Str+4} (You found it on level 10 of the Dungeon)
 12303 | D:10     | Noticed Joseph
 12316 | D:10     | Killed Joseph
 12605 | D:11     | Noticed a two-headed ogre
 12627 | D:11     | Killed a two-headed ogre
 12659 | D:11     | Learned a level 5 spell: Lightning Bolt
 12850 | D:11     | Noticed a cyan ugly thing
 12963 | D:11     | Noticed a two-headed ogre
 12969 | D:11     | Killed a two-headed ogre
 12969 | D:11     | Reached skill level 12 in Spellcasting
 13019 | D:11     | Found a runed translucent gate.
 13019 | D:11     | Found a runed translucent gate.
 13020 | D:11     | Found a runed translucent gate.
 13021 | D:11     | Offered knowledge of Bolt of Magma by Vehumet.
 13021 | D:11     | Reached XP level 12. HP: 31/66 MP: 3/30
 13029 | D:11     | Learned a level 5 spell: Bolt of Magma
 13315 | D:11     | Noticed a five-headed hydra
 13369 | D:11     | Killed a five-headed hydra
 13452 | D:11     | Found Roiranod's Book Emporium.
 13670 | D:11     | Noticed Gorchyem's ghost (journeyman MfGl)
 13724 | D:11     | Killed Gorchyem's ghost
 13934 | D:12     | Reached skill level 1 in Translocations
 14174 | D:12     | Reached skill level 5 in Fighting
 14194 | D:12     | Reached skill level 5 in Armour
 14570 | D:13     | Reached skill level 13 in Spellcasting
 14804 | D:13     | Offered knowledge of Lee's Rapid Deconstruction by Vehumet.
 14811 | D:13     | Noticed a centaur warrior
 14817 | D:13     | Killed a centaur warrior
 15060 | D:13     | Noticed a fire dragon
 15061 | D:13     | Noticed a green very ugly thing
 15102 | D:13     | Noticed a two-headed ogre
 15106 | D:13     | Killed a two-headed ogre
 15138 | D:13     | Reached XP level 13. HP: 68/72 MP: 13/32
 15548 | D:13     | Learned a level 5 spell: Lee's Rapid Deconstruction
 15908 | D:13     | Reached skill level 14 in Spellcasting
 15952 | D:13     | Killed a fire dragon
 16564 | D:13     | Found a gate to the Vaults.
 16690 | D:13     | Offered knowledge of Freezing Cloud by Vehumet.
 16713 | D:13     | Killed a green very ugly thing
 16923 | D:13     | Found the +11 plutonium sword {*Contam Stlth-}
 16923 | D:13     | Found the +2 cloak of the Thief {+Fog Slay-2 SInv Stlth+}
 16927 | D:13     | Got an iridescent demon trident
 16928 | D:13     | Identified the +4 demon trident of Eternal Vigilance
                  | {venom, rC+ Dex+4} (You found it on level 13 of the
                  | Dungeon)
 16951 | D:13     | Learned a level 6 spell: Freezing Cloud
 17829 | D:14     | Reached XP level 14. HP: 79/79 MP: 14/34
 18116 | D:14     | Noticed Snorg
 18120 | D:14     | Killed Snorg
 18739 | D:15     | Entered Level 15 of the Dungeon
 18753 | D:15     | Reached skill level 15 in Spellcasting
 18816 | D:15     | Reached skill level 10 in Conjurations
 18982 | D:15     | Reached skill level 1 in Shields
 19251 | D:15     | Found a staircase to the Depths.
 19293 | D:15     | Found Riwe's Gadget Emporium.
 19317 | D:15     | Offered knowledge of Ozocubu's Refrigeration by Vehumet.
 19384 | D:15     | Reached skill level 1 in Air Magic
 19461 | D:15     | Found a sacrificial altar of Ru.
 19597 | D:15     | Learned a level 3 spell: Mephitic Cloud
 20137 | Lair:1   | Entered Level 1 of the Lair of Beasts
 20253 | Lair:1   | Got a steaming ring mail
 20264 | Lair:1   | Identified the +1 ring mail "Coolir" {Str+4} (You found it
                  | on level 1 of the Lair of Beasts)
 21166 | Lair:2   | Reached skill level 10 in Fire Magic
 21332 | Lair:2   | Identified a scroll of acquirement
 21370 | Lair:2   | Identified the -7 helmet of Grace {Dex+4} (You acquired it
                  | on level 2 of the Lair of Beasts)
 21851 | Lair:3   | Got a serpentine marble ring
 21853 | Lair:3   | Identified the ring "Fuaxzag" {Fire rPois rN+ Stlth-} (You
                  | found it on level 3 of the Lair of Beasts)
 22152 | Lair:3   | Offered knowledge of Orb of Destruction by Vehumet.
 22285 | Lair:3   | Reached XP level 15. HP: 66/84 MP: 36/36
 22677 | Lair:4   | Reached skill level 16 in Spellcasting
 22681 | Lair:4   | Reached skill level 10 in Dodging
 22805 | Lair:4   | Found a transporter.
 23000 | Lair:4   | Found a staircase to the Swamp.
 23115 | Lair:4   | Found a transporter.
 23282 | Lair:4   | Found a hole to the Spider Nest.
 23370 | Lair:5   | Identified the cursed +0 plate armour of the Iron City of
                  | Dis {rF+ rN+ Dex+2} (You found it on level 5 of the Lair of
                  | Beasts)
 23499 | Lair:5   | Found a staircase to the Slime Pits.
 24184 | Lair:6   | Entered Level 6 of the Lair of Beasts
 24802 | Lair:6   | Noticed Urug
 24812 | Lair:6   | Killed Urug
 24938 | Lair:6   | Offered knowledge of Spellforged Servitor by Vehumet.
 24955 | Lair:6   | Learned a level 5 spell: Borgnjor's Vile Clutch
 25235 | Swamp:1  | Entered Level 1 of the Swamp
 26299 | Swamp:1  | Noticed Frances
 26601 | Swamp:1  | Noticed Roxanne
 26608 | Swamp:1  | Killed Roxanne
 26615 | Swamp:1  | Noticed Aizul
 26617 | Swamp:1  | Reached skill level 10 in Necromancy
 26644 | Swamp:1  | Learned a level 6 spell: Iron Shot
 26811 | Swamp:1  | Killed Aizul
 27253 | Swamp:1  | Killed Frances
 27253 | Swamp:1  | Reached skill level 17 in Spellcasting
 27340 | Swamp:2  | Noticed Kirke
 27471 | Swamp:2  | Noticed a thorn hunter
 27481 | Swamp:1  | Killed a thorn hunter
 27481 | Swamp:1  | Reached XP level 16. HP: 33/92 MP: 13/39
 27720 | Swamp:2  | Noticed Donald
 27747 | Swamp:1  | Killed Donald
 28205 | Swamp:2  | Noticed a thorn hunter
 28205 | Swamp:2  | Killed Kirke
 28249 | Swamp:2  | HP: 4/92 [thorn hunter/volley of thorns (31)]
 28252 | Swamp:2  | Killed from afar by a thorn hunter

Levels and vault maps discovered:
D:1:      dpeg_arrival_signposts, layout_basic
D:2:      layout_loops_ring, fedhas_altar_1, minmay_overflow_temple_star_quad
D:3:      layout_rooms
D:4:      layout_gridville, lemuel_round_altar, minmay_temple_entry_mist,
          first_ration
D:5:      wander_guarded_unrand_ratskin, layout_rooms, ebering_ghost_sewer_f,
          lexackson_kobold_supper
D:6:      layout_basic, gup_sewer_entry_spiral, uniq_pikel
D:7:      layout_loops_ring, lemuel_coloured_pillars_altar,
          kennysheep_vampire_church, slow_altar_1, serial_shops,
          kennysheep_mini, enter_bailey_8
D:8:      cheibrodos_two_vegetables, layout_basic,
          grunt_temple_overflow_bloody_war, lair_entry_dummy, uniq_maggie,
          uniq_maurice, uniq_psyche
D:9:      layout_roguey, minmay_orc_entry_temple_small, nicolae_lava_and_water,
          the_bakery, kennysheep_generic_room_9
D:10:     minmay_chambers_of_sixes, layout_rooms, kennysheep_big_empty_room,
          uniq_joseph, uniq_josephine, uniq_fannar
D:11:     minmay_octagon_keep, layout_irregular_city,
          gammafunk_ghost_necromancy, serial_shops, kennysheep_little_box,
          kennysheep_generic_room_6
D:12:     layout_rooms, minmay_misc_feat_nine_boxes
D:13:     minmay_the_grid_4x2 [minmay_the_grid_plusring, minmay_the_grid_x,
          minmay_the_grid_garden, minmay_the_grid_embedded,
          minmay_the_grid_doors, minmay_the_grid_tree,
          minmay_the_grid_medium_cups, minmay_the_grid_prize_shrinking_boxes],
          layout_stronghold, hangedman_vaults_entry_quadrant_bands, minivault_28
D:14:     layout_basic, corexii_corridor_pit, uniq_snorg
D:15:     grunt_enter_depths_snipers, layout_irregular_city,
          nicolae_ru_path_of_blood, serial_shops, shop
Temple:   nicolae_temple_hex_pool
Lair:1:   layout_cave_pods, lemuel_fruit_tree, serial_bayou_shore_b,
          grunt_megastairs_2
Lair:2:   layout_hall_layers, minmay_lair_oklob_chamber, grunt_megastairs_3
Lair:3:   layout_misc_corridors, minmay_shattered_shrine
Lair:4:   gammafunk_cloud_chamber, layout_gridlike, minmay_swamp_entry_worms,
          spider_nest_entry_funnel_web, lemuel_fruit_fields
Lair:5:   layout_cave_shapes, minmay_slime_entry_eyes
Lair:6:   evilmike_catoblepas_cave, layout_concentric_octagons,
          serial_bayou_lagoon_a, uniq_urug
Swamp:1:  layout_falls_marsh, evilmike_swamp_ruin_rubble_1, uniq_roxanne,
          uniq_frances, uniq_aizul
Swamp:2:  layout_basic_swamp, nicolae_swamp_feature_on_the_river_bank,
          uniq_kirke, uniq_donald

Skill      XL: |  1  2  3  4  5  6  7  8  9 10 11 12 13 14 15 16 |
---------------+-------------------------------------------------+-----
Armour         | 1 2 3 4 5 6 7 |  7.3
Fire Magic     | 4 5 6 7 8 9 10 | 10.9
Conjurations   | 3 4 5 6 7 8 9 10 11 | 11.5
Spellcasting   | 4 5 6 7 9 10 12 13 14 15 17 | 17.4
Necromancy     | 1 2 3 4 5 6 7 8 9 10 | 10.2
Fighting       | 1 2 3 4 5 6 7 |  7.2
Dodging        | 3 4 5 6 7 8 9 10 | 10.6
Stealth        | 3 4 |  4.7
Evocations     | 2 3 4 5 6 7 8 9 |  9.1
Earth Magic    | 1 2 3 4 5 6 8 |  8.1
Short Blades   | 1 2 3 |  3.4
Ice Magic      | 1 3 4 |  4.9
Hexes          | 1 |  1.9
Translocations | 1 |  1.0
Shields        | 1 3 |  3.3
Air Magic      | 2 3 4 |  4.0
Throwing       | |  0.2

Action                   |  1- 3 |  4- 6 |  7- 9 | 10-12 | 13-15 | 16-18 || total
-------------------------+-------+-------+-------+-------+-------+-------++-------
Melee: Unarmed           |     5 |       |       |       |       |       ||     5
       Dagger            |    34 |   149 |   104 |       |     7 |       ||   294
       Rapier            |       |       |    34 |   187 |   170 |    26 ||   417
       Staff             |       |       |       |       |     1 |       ||     1
Throw: Boomerang         |       |       |    16 |     2 |     1 |       ||    19
 Cast: Foxfire           |   101 |   131 |   175 |   101 |    45 |     3 ||   556
       Animate Skeleton  |       |    24 |    22 |    50 |   140 |     5 ||   241
       Conjure Flame     |       |     1 |       |     4 |       |       ||     5
       Sticky Flame      |       |     9 |     9 |    19 |    18 |       ||    55
       Freeze            |       |       |    11 |     2 |     2 |       ||    15
       Stone Arrow       |       |       |    41 |    94 |    68 |       ||   203
       Fireball          |       |       |    11 |    53 |    52 |     8 ||   124
       Iskenderun's Myst |       |       |       |    36 |    21 |     4 ||    61
       Inner Flame       |       |       |       |    14 |     4 |       ||    18
       Tukima's Dance    |       |       |       |    12 |       |       ||    12
       Lightning Bolt    |       |       |       |     7 |       |       ||     7
       Bolt of Magma     |       |       |       |    45 |   224 |    12 ||   281
       Lee's Rapid Decon |       |       |       |       |    61 |       ||    61
       Freezing Cloud    |       |       |       |       |    54 |     4 ||    58
       Mephitic Cloud    |       |       |       |       |     5 |     4 ||     9
       Iron Shot         |       |       |       |       |    17 |    16 ||    33
       Borgnjor's Vile C |       |       |       |       |     6 |       ||     6
 Abil: Evoke Ratskin     |       |     2 |       |       |       |       ||     2
Evoke: Wand              |       |       |     3 |    14 |    36 |    11 ||    64
       Lightning rod     |       |       |       |     8 |     9 |     5 ||    22
       Box of beasts     |       |       |       |     1 |       |       ||     1
       Lamp of fire      |       |       |       |       |     2 |     1 ||     3
  Use: Scroll            |     3 |     1 |     7 |    16 |    23 |     5 ||    55
       Potion            |       |     3 |     7 |     1 |     7 |     2 ||    20
 Stab: Sleeping          |       |     4 |     3 |     1 |     4 |       ||    12
       Invisible         |       |     4 |     2 |       |       |       ||     6
       Distracted        |       |       |       |       |     4 |     1 ||     5
  Eat: Chunk             |     2 |    12 |     9 |    29 |    57 |     2 ||   111
       Ration            |       |       |     3 |     2 |     5 |     1 ||    11
Armor: Robe              |    13 |    18 |    66 |    69 |    78 |    10 ||   254
Dodge: Dodged            |    39 |    73 |   199 |   314 |   303 |    47 ||   975
Block: Kite shield       |       |       |       |       |     9 |       ||     9

Table legend:
 A = Non-vault XP
 B = Vault XP
 C = Vault XP percentage of total XP
 D = Non-vault monster count
 E = Vault monster count
 F = Vault count percentage of total count
                 A         B        C        D         E       F
            +---------+---------+-------+---------+---------+-------
      Total |   98259 |   67857 |  40.8 |     588 |     243 |  29.2
            +---------+---------+-------+---------+---------+-------
        D:1 |      45 |       0 |   0.0 |      23 |       0 |   0.0
        D:2 |      91 |       0 |   0.0 |      22 |       0 |   0.0
        D:3 |      41 |       0 |   0.0 |      15 |       0 |   0.0
        D:4 |      87 |       0 |   0.0 |      11 |       0 |   0.0
        D:5 |     230 |     181 |  44.0 |      17 |      29 |  63.0
        D:6 |     481 |     686 |  58.8 |      15 |       8 |  34.8
        D:7 |     636 |      85 |  11.8 |      26 |       7 |  21.2
        D:8 |    1327 |    1895 |  58.8 |      17 |      13 |  43.3
        D:9 |    1953 |     788 |  28.7 |      22 |      10 |  31.2
       D:10 |    2847 |    4730 |  62.4 |      38 |      12 |  24.0
       D:11 |    4241 |    4976 |  54.0 |      41 |      19 |  31.7
       D:12 |    3861 |    1072 |  21.7 |      29 |       2 |   6.5
       D:13 |    7390 |   20456 |  73.5 |      34 |      56 |  62.2
       D:14 |    8535 |    1140 |  11.8 |      41 |       1 |   2.4
       D:15 |   14517 |    1466 |   9.2 |      36 |       2 |   5.3
     Lair:1 |    5253 |       0 |   0.0 |      27 |       0 |   0.0
     Lair:2 |    1677 |     615 |  26.8 |       6 |       2 |  25.0
     Lair:3 |    6725 |    3339 |  33.2 |      33 |      14 |  29.8
     Lair:4 |   10158 |    1498 |  12.9 |      30 |       7 |  18.9
     Lair:5 |    3731 |     482 |  11.4 |      23 |       2 |   8.0
     Lair:6 |    5145 |   13606 |  72.6 |      28 |      24 |  46.2
    Swamp:1 |    9882 |    8007 |  44.8 |      26 |       4 |  13.3
    Swamp:2 |    7566 |    2750 |  26.7 |      23 |       4 |  14.8
    Abyss:1 |    1840 |       0 |   0.0 |       5 |       0 |   0.0
      Sewer |       0 |      85 | 100.0 |       0 |      27 | 100.0
            +---------+---------+-------+---------+---------+-------
